 Dungeon Crawl Stone Soup version 0.19-a0-258-g6208554 (webtiles) character file.

276 AlphabetPasta the Vexing (level 6, 0/50 HPs)
             Began as a Draconian Arcane Marksman on May 24, 2016.
             Succumbed to a worker ant's poison
             ... on level 4 of the Dungeon.
             The game lasted 00:20:21 (3944 turns).

AlphabetPasta the Vexing (DrAM)                     Turns: 3944, Time: 00:20:22

Health: 0/50       AC:  7    Str: 11    XL:     6   Next: 4%
Magic:  8/8        EV: 12    Int: 14    God:
Gold:   159        SH:  0    Dex: 10    Spells: 2 memorised, 5 levels left

rFire  . . .     SeeInvis .     e - +1 short sword (venom)
rCold  . . .     Gourm    .     (armour unavailable)
rNeg   . . .     Faith    .     (no shield)
rPois  .         Spirit   .     (helmet restricted)
rElec  .         Dismiss  .     (no cloak)
rCorr  .         Reflect  .     p - +0 pair of gloves
SustAt .         Harm     .     (no boots)
MR     .....                    (no amulet)
Stlth  ++........               (no ring)
                                (no ring)

@: lethally poisoned (0 -> -1), not resistant to hostile enchantments,
unstealthy
A: unfitting armour, big wings, clumsy 1, weak 1, no device heal 1,
cold-blooded, AC +6
a: Fly


You were on level 4 of the Dungeon.
You were not hungry.

You visited 1 branch of the dungeon, and saw 4 of its levels.

You collected 159 gold pieces.

Inventory:

Hand Weapons
 e - a +1 short sword of venom (weapon)
 h - a +0 club
Missiles
 m - 17 poisoned needles
Armour
 p - a +0 pair of gloves (worn)
Scrolls
 g - a scroll of remove curse {unknown}
 i - a scroll of random uselessness {unknown}
 n - a scroll of enchant weapon {unknown}
 o - a scroll of fear {unknown}
 t - 2 scrolls of identify {unknown}
 u - 2 scrolls of teleportation {unknown}
 v - a scroll of blinking {unknown}
 w - a scroll of magic mapping {unknown}
Books
 a - a book of Debilitation

   Spells                             Type                      Level
   a - Corona                         Hexes                        1
   b - Slow                           Hexes                        2
   c - Gell's Gravitas                Hexes/Translocation          3
   d - Inner Flame                    Hexes/Fire                   3
   e - Cause Fear                     Hexes                        4
   f - Leda's Liquefaction            Hexes/Earth                  4
Comestibles
 d - 4 bread rations
 A - a meat ration


   Skills:
 + Level 2.5 Fighting
 + Level 2.1 Short Blades
 + Level 3.0 Throwing
 + Level 2.4 Dodging
 + Level 1.9 Stealth
 + Level 1.9 Spellcasting
 + Level 3.4 Hexes


You had 5 spell levels left.
You knew the following spells:

 Your Spells              Type           Power        Failure   Level  Hunger
a - Corona                Hex            ##.....      10%         1    ##.....
b - Slow                  Hex            ##......     12%         2    ###....


Dungeon Overview and Level Annotations

Branches:
Dungeon (4/15)
 Temple: D:4-7

Altars:
Yredelemnul

Annotations:
D:3 Sigmund


Innate Abilities, Weirdness & Mutations

Your plain brown scales are hard (AC +6).
Your body does not fit into most forms of armour.
You are cold-blooded and may be slowed by cold attacks.
Your large and strong wings let you fly indefinitely.
You are clumsy. (Dex -2)
You are weak. (Str -2)
Potions and wands are less effective at restoring your health.


Message History

You feel sick.
* * * LOW HITPOINT WARNING * * *
You feel sick.
* * * LOW HITPOINT WARNING * * *
You feel sick.
A worker ant comes into view.
* * * LOW HITPOINT WARNING * * *
You feel sick.
* * * LOW HITPOINT WARNING * * *
You feel sick.
* * * LOW HITPOINT WARNING * * *
You feel sick.
* * * LOW HITPOINT WARNING * * *
You feel sick.
* * * LOW HITPOINT WARNING * * *
You feel sick.
You see here a dagger.
* * * LOW HITPOINT WARNING * * *
You feel sick.
You die...

.. #. #. ###########
##a #.......... ..
#..<..<...# #.
#.##########.#
#.#####.#####......#
#..........)@.#
###############


There were no monsters in sight!

Vanquished Creatures
  Jessica (D:2)
  A worker ant (D:4)
  7 gnolls
  4 adders
  An ooze (D:2)
  2 worms
  4 dart slugs
  4 giant geckos
  5 orcs (D:3)
  7 giant cockroaches
  13 goblins
  5 hobgoblins
  8 jackals
  3 quokkas (D:3)
  13 bats
  4 giant newts
  6 kobolds
  7 rats
95 creatures vanquished.

Notes
Turn   | Place    | Note
--------------------------------------------------------------
     0 | D:1      | AlphabetPasta the Draconian Arcane Marksman began the quest for the Orb.
     0 | D:1      | Reached XP level 1. HP: 16/16 MP: 2/2
   451 | D:1      | Reached XP level 2. HP: 9/23 MP: 3/3
   726 | D:1      | Learned a level 2 spell: Slow
   866 | D:1      | Reached XP level 3. HP: 28/28 MP: 4/4
  1099 | D:1      | Reached skill level 1 in Short Blades
  1494 | D:2      | Reached skill level 1 in Stealth
  1627 | D:2      | Reached XP level 4. HP: 29/36 MP: 5/5
  1823 | D:2      | Noticed Jessica
  1844 | D:2      | Killed Jessica
  1844 | D:2      | Reached XP level 5. HP: 41/41 MP: 7/7
  2577 | D:3      | Found a basalt altar of Yredelemnul.
  3530 | D:3      | Noticed Sigmund
  3545 | D:3      | Gained mutation: You tend to lose your temper in combat. [potion of mutation]
  3545 | D:3      | Gained mutation: Scrolls take you a little longer to read. [potion of mutation]
  3545 | D:3      | Gained mutation: Your large and strong wings let you fly indefinitely. [potion of mutation]
  3920 | D:4      | Reached XP level 6. HP: 14/50 MP: 8/8
  3922 | D:4      | Gained mutation: You are clumsy. (Dex -2) [potion of mutation]
  3922 | D:4      | Gained mutation: You are frail. (-10% HP) [potion of mutation]
  3922 | D:4      | Gained mutation: You are weak. (Str -2) [potion of mutation]
  3923 | D:4      | Gained mutation: Potions and wands are less effective at restoring your health. [potion of mutation]
  3923 | D:4      | Gained mutation: Scrolls take you longer to read. [potion of mutation]
  3924 | D:4      | Lost mutation: Scrolls take you longer to read. [potion of cure mutation]
  3924 | D:4      | Lost mutation: Scrolls take you a little longer to read. [potion of cure mutation]
  3924 | D:4      | Lost mutation: You are frail. (-10% HP) [potion of cure mutation]
  3924 | D:4      | Lost mutation: You tend to lose your temper in combat. [potion of cure mutation]
  3936 | D:4      | HP: 2/50 [poisoned by a worker ant]
  3941 | D:4      | HP: 1/50 [poisoned by a worker ant]
  3944 | D:4      | Succumbed to a worker ant's poison

Vault maps used:
D:1:      dpeg_arrival_water_fire, minmay_ruptured
D:2:      uniq_jessica
D:3:      yredelemnul_altar_generic, okawaru_gym_becter, first_bread,
          uniq_sigmund
D:4:      evilmike_ruin_ashenzari, lemuel_coloured_pillars_altar, tgw_sif,
          nicolae_overflow_hidden_temple, lemuel_round_altar,
          kennysheep_generic_room_14, uniq_edmund

Skill      XL: |  1  2  3  4  5 |
---------------+----------------+-----
Throwing       | 2 3 |  3.0
Dodging        | 2 |  2.4
Hexes          | 3 |  3.4
Short Blades   | 1 2 |  2.1
Stealth        | 1 |  1.9
Fighting       | 2 |  2.5
Spellcasting   | |  1.9

Action                   |  1- 3 |  4- 6 || total
-------------------------+-------+-------++-------
Melee: Unarmed           |    20 |       ||    20
       Short sword       |   112 |   139 ||   251
       Tailslap          |    15 |    18 ||    33
Throw: Javelin           |     9 |    10 ||    19
       Throwing net      |       |     2 ||     2
  Use: Potion            |       |    10 ||    10
 Stab: Sleeping          |     1 |       ||     1
  Eat: Chunk             |     2 |     6 ||     8
       Beef jerky        |       |     1 ||     1
Armor: Skin              |    48 |    38 ||    86
Dodge: Dodged            |    74 |    81 ||   155
